 Dungeon Crawl Stone Soup version 0.31.0-4-g52a2dc7128 (webtiles) character file.

Game seed: 14468175372112029690

3056 ces the Skirmisher (level 9, -3/41 HPs)
             Began as a Spriggan Hunter on Jan 21, 2024.
             Shot with a bolt by an orc warrior (12 damage)
             ... in a bailey.
             The game lasted 00:23:56 (7224 turns).

ces the Skirmisher (Spriggan Hunter)                Turns: 7224, Time: 00:23:57

Health: -3/41      AC:  6    Str:  6    XL:     9   Next: 57%
Magic:  10/10      EV: 26    Int: 10    God:
Gold:   304        SH:  5    Dex: 26    Spells: 8/8 levels left

rFire   . . .        a - +0 shortbow
rCold   . . .        (shield currently unavailable)
rNeg    + . .        c - +0 robe
rPois   .            (helmet restricted)
rElec   .            (no cloak)
rCorr   .            (gloves unavailable)
SInv    +            (boots unavailable)
Will    +....        f - amulet of reflection
Stlth   +++++        i - +4 ring of protection
HPRegen 0.26/turn    r - ring of positive energy
MPRegen 0.12/turn

%: reflection
@: very quick
A: very small, no large weapons, unfitting armour, see invisible, speed 3, agile
1
a: no special abilities


You were in a bailey.
You visited 2 branches of the dungeon, and saw 9 of its levels.
You also visited: Sewer and Bailey.

You collected 304 gold pieces.

Inventory:

Hand Weapons
 a - a +0 shortbow (weapon)
Missiles
 n - 3 throwing nets
Armour
 c - a +0 robe (worn)
Jewellery
 f - an amulet of reflection (around neck)
 i - a +4 ring of protection (left hand)
 r - a ring of positive energy (right hand)
Scrolls
 j - a scroll of immolation {unknown}
 m - a scroll of teleportation
 t - a scroll of enchant weapon {unknown}
 v - a scroll of vulnerability {unknown}
 w - a scroll of poison {unknown}
Potions
 b - a potion of resistance
 d - a potion of lignification
 g - 2 potions of brilliance
 h - a potion of ambrosia
 k - 2 potions of attraction
 l - 2 potions of enlightenment
 p - a potion of curing
 s - a potion of magic {unknown}
 u - 2 potions of might {unknown}


   Skills:
 - Level 1.5 Fighting
 + Level 11.4 Ranged Weapons
 * Level 8.3 Dodging
 * Level 8.4 Stealth
 - Level 0.2 Shields
 + Level 1.3 Evocations


You had 8 spell levels left.
You didn't know any spells.
Your spell library contained the following spells:

 Spells                   Type           Power      Damage    Failure   Level
 Sandblast                Erth           0%         2d4       36%         1
 Ensorcelled Hibernation  Hex/Ice        0%         N/A       50%         2
 Call Canine Familiar     Summ           0%         N/A       75%         3
 Passwall                 Erth           0%         N/A       75%         3
 Sigil of Binding         Hex            0%         N/A       75%         3
 Stone Arrow              Conj/Erth      0%         3d7       75%         3
 Swiftness                Air            0%         N/A       75%         3
 Brom's Barrelling Bould  Conj/Erth      0%         2d3       98%         4
 Dimensional Bullseye     Hex/Tloc       0%         N/A       98%         4


Dungeon Overview and Level Annotations

Branches:
Dungeon (8/15)             Temple (1/1) D:6           Sewer (visited)
 Bailey (1/1)
   Lair: D:8-11

Altars:
Ashenzari
Cheibriados
Elyvilon
Fedhas
Hepliaklqana
Kikubaaqudgha
Makhleb
Nemelex Xobeh
Okawaru
Sif Muna
Vehumet
Wu Jian
Xom
Yredelemnul
Zin
The Shining One

Shops:
D:2 [

Annotations:
D:5 Pikel


Innate Abilities, Weirdness & Mutations

You are very small and have problems with some larger weapons.
You are too small for most types of armour.
You have supernaturally acute eyesight. (SInv)
You cover ground extremely quickly. (Speed+++)
You are agile. (Dex +4, Str/Int -1)


Message History

The arrow hits the orc warrior but does no damage.
The orc warrior is severely wounded.
The orc warrior shoots a bolt.
The bolt hits you!
You shoot an arrow. The arrow hits the orc warrior.
The orc warrior is almost dead.
You shoot an arrow.
The arrow closely misses the orc warrior.
The orc warrior shoots a bolt.
The bolt hits you.
You are too injured to fight recklessly!
It was a potion of mutation.
You feel extremely strange.
You feel agile.
The orc shoots a bolt.
The bolt misses you.
The orc warrior shoots a bolt.
The bolt completely misses you.
The orc shoots a bolt.
You block the bolt with an invisible shield... and reflect it back!
The bolt hits the orc.
There is a gate leading back out of this place here.
Okay, then.
As you read the scroll of teleportation, it crumbles to dust.
You feel strangely unstable.
You feel protected.
The orc shoots a bolt.
You block the bolt with an invisible shield... and reflect it back!
The bolt hits the orc!
You kill the orc!
The orc warrior shoots a bolt.
The bolt closely misses you.
It was a potion of cancellation.
You feel strangely stable.
Your magical effects are unravelling.
You feel magically purged.
Your resistance to elements expires.
The orc warrior shoots a bolt.
The bolt hits you!
* * * LOW HITPOINT WARNING * * *
The orc warrior shoots a bolt.
You block the bolt with an invisible shield... and reflect it back!
The bolt barely misses the orc warrior.
The orc shoots a bolt.
The bolt completely misses you.
The orc warrior shoots a bolt.
The bolt completely misses you.
The orc warrior shoots a bolt.
The bolt hits you!
You die...

##################
#@......o.........
#.∩.....o.........
#.......o..o......
#.................
#......≈≈≈≈≈o.....
#.....≈≈###≈≈.....
#.....≈##.##≈.....
#.....≈#..........
#.....≈##.∩#≈.....


You could see 2 orc warriors and an orc.

Vanquished Creatures
  A two-headed ogre (D:7)
  A troll (D:7)
  2 water moccasins
  Duvessa (D:7)
  An ice beast (D:7)
  A sky beast (D:7)
  A centaur (D:7)
  A phantom (D:5)
  4 bullfrogs
  A scorpion (D:7)
  A gnoll sergeant (D:5)
  Dowan (D:7)
  4 killer bees
  2 jellies (D:6)
  A bombardier beetle (D:5)
  A gnoll bouda (D:7)
  4 hounds
  4 orc priests
  3 iguanas
  4 orc wizards (D:7)
  A hell rat (Sewer)
  Robin (D:3)
  8 adders
  14 gnolls
  4 river rats
  A white imp (D:6)
  2 ufetubi (D:6)
  12 dart slugs
  5 ribbon worms
  10 orcs
  7 bats
  7 endoplasms
  4 giant cockroaches
  15 goblins
  8 hobgoblins
  8 jackals
  3 kobolds
  3 ball pythons
  3 frilled lizards
  13 rats
168 creatures vanquished.

Vanquished Creatures (collateral kills)
  A scorpion (D:7)
  An orc (D:7)
2 creatures vanquished.

Grand Total: 170 creatures vanquished

Notes
Turn   | Place    | Note
-------+----------+-------------------------------------------
     0 | D:1      | ces the Spriggan Hunter began the quest for the Orb.
     0 | D:1      | Reached XP level 1. HP: 10/10 MP: 2/2
    98 | D:1      | Reached XP level 2. HP: 14/14 MP: 3/3
   639 | D:1      | You fall into a shaft and drop 1 floor!
   697 | D:2      | Reached XP level 3. HP: 18/18 MP: 4/4
  1031 | D:2      | Reached XP level 4. HP: 22/22 MP: 5/5
  1247 | D:2      | Found Meosas's Antique Armour Shoppe.
  1712 | D:3      | Reached XP level 5. HP: 25/25 MP: 6/6
  2184 | D:3      | Reached skill level 5 in Ranged Weapons
  2529 | D:4      | Noticed Robin
  2546 | D:4      | Reached skill level 5 in Stealth
  2608 | D:3      | Killed Robin
  2609 | D:3      | Reached skill level 5 in Dodging
  3038 | D:5      | Entered Level 5 of the Dungeon
  3058 | D:5      | Noticed a phantom
  3072 | D:5      | Killed a phantom
  3073 | D:5      | Reached XP level 6. HP: 23/30 MP: 7/7
  3267 | D:5      | Found a glowing drain.
  3275 | Sewer    | Entered a sewer
  3486 | D:5      | Reached skill level 6 in Ranged Weapons
  3496 | D:5      | Reached XP level 7. HP: 33/33 MP: 8/8
  3911 | D:5      | Found a shimmering blue altar of Sif Muna.
  3911 | D:5      | Noticed Pikel
  4032 | D:5      | Reached skill level 7 in Ranged Weapons
  4424 | D:6      | Found a glowing golden altar of the Shining One.
  4469 | D:6      | Found a blossoming altar of Fedhas.
  4537 | D:6      | Reached XP level 8. HP: 31/37 MP: 9/9
  4783 | D:6      | Found a staircase to the Ecumenical Temple.
  4798 | Temple   | Entered the Ecumenical Temple
  4895 | D:6      | Reached skill level 8 in Ranged Weapons
  5411 | D:7      | Noticed a two-headed ogre
  5468 | D:7      | Reached skill level 9 in Ranged Weapons
  5560 | D:7      | Noticed a troll
  5859 | D:7      | Reached skill level 10 in Ranged Weapons
  6053 | D:7      | Killed a two-headed ogre
  6054 | D:7      | Reached skill level 1 in Evocations
  6054 | D:7      | Reached XP level 9. HP: 41/41 MP: 10/10
  6679 | D:7      | Killed a troll
  6680 | D:7      | Reached skill level 11 in Ranged Weapons
  6898 | D:7      | Found a glowing silver altar of Zin.
  6898 | D:7      | Noticed an angel
  6936 | D:7      | Identified the +1 whip of Hakot {flame, Int+2}
  6980 | D:7      | Noticed Duvessa
  7031 | D:7      | Killed Duvessa
  7065 | D:7      | Noticed Dowan
  7079 | D:7      | Killed Dowan
  7178 | D:8      | Found a flagged portal.
  7184 | D:8      | Identified the +5 halberd of Muxt {heavy, rN++}
  7187 | Bailey   | Entered a bailey
  7216 | Bailey   | Gained mutation: You are agile. (Dex +4, Str/Int -1)
                  | [potion of mutation]
  7224 | Bailey   | Shot with a bolt by an orc warrior

Illustrated notes

Levels and vault maps discovered:
D:1:      roadster_arrival_rocket_small, layout_basic, hex_medium,
          minmay_misc_feat_square
D:2:      layout_basic, serial_shops, nicolae_shop_back_alley_shop,
          nicolae_eternal_life
D:3:      kennysheep_slugbush, layout_basic
D:4:      layout_cave_pools, uniq_robin
D:5:      layout_cave_pools, nicolae_overflow_hidden_temple,
          gup_sewer_entry_bubbles, uniq_pikel
D:6:      minmay_spotlight, layout_gridville, tso_oasis_becter,
          fedhas_ov_isle_minmay, minmay_temple_entry_proselytizer
D:7:      layout_rooms, zin_angel, minmay_fractal_squares_5, uniq_duvessa
D:8:      layout_basic, enter_bailey_2, uniq_joseph, uniq_maurice
Temple:   nicolae_temple_ecumenical_triangle
Bailey:   bailey_polearm_2, bailey

Skill      XL: |  1  2  3  4  5  6  7  8  9 |
---------------+----------------------------+-----
Dodging        | 3 4 5 6 7 8 |  8.3
Stealth        | 2 3 4 5 6 7 8 |  8.4
Ranged Weapons | 5 6 7 10 11 | 11.4
Evocations     | 1 |  1.3
Fighting       | |  1.5
Shields        | |  0.2

Action                     |  1- 3 |  4- 6 |  7- 9 || total
---------------------------+-------+-------+-------++-------
   Fire: Shortbow          |   111 |   278 |   437 ||   826
  Evoke: Wand              |       |       |     8 ||     8
    Use: Scroll            |     2 |    12 |     3 ||    17
         Potion            |       |     4 |     4 ||     8
 Armour: Robe              |     7 |    36 |    45 ||    88
  Dodge: Dodged            |    43 |   153 |   155 ||   351
  Block: Other             |     5 |    39 |    28 ||    72
         Reflection        |       |     2 |     6 ||     8
